 Dungeon Crawl Stone Soup version 0.26-a0-739-gf55cbd344a (webtiles) character file.

Game seed: 1384813271805813094

975 mhtbhm the Chopper (level 7, 0/63 HPs)
             Began as a Minotaur Berserker on Nov 5, 2020.
             Was a Priest of Trog.
             Slain by a wight
             ... wielding a cursed +4 war axe
              (11 damage)
             ... on level 6 of the Dungeon.
             The game lasted 00:05:27 (3936 turns).

mhtbhm the Chopper (Minotaur Berserker)             Turns: 3936, Time: 00:05:28

Health: 0/63       AC:  6    Str: 21 (23) XL:     7   Next: 95%
Magic:  6/6        EV: 11    Int:  1 (4)  God:    Trog [***...]
Gold:   139        SH:  0    Dex:  7 (10) Spells: 6/6 levels left

rFire    + . .     SeeInvis .   a - +0 hand axe
rCold    + . .     Faith    .   (no shield)
rNeg     . . .     Spirit   .   b - +0 ring mail
rPois    .         Reflect  .   (helmet restricted)
rElec    .         Harm     .   (no cloak)
rCorr    .         Rampage  .   (no gloves)
MR       .....                  (no boots)
Stlth    ..........             (no amulet)
HPRegen  0.20/turn              o - ring of protection from cold
MPRegen  0.10/turn              r - ring of protection from fire

@: berserk cooldown, slowed, drained, very slow
A: retaliatory headbutt, horns 2
a: Berserk, Trog's Hand, Renounce Religion


You were on level 6 of the Dungeon.
You worshipped Trog.
Trog was most pleased with you.
You visited 1 branch of the dungeon, and saw 6 of its levels.

You collected 139 gold pieces.

Inventory:

Hand Weapons
 a - a +0 hand axe (weapon)
Armour
 b - a +0 ring mail (worn)
Jewellery
 o - a ring of protection from cold (left hand)
 r - a ring of protection from fire (right hand)
 s - an uncursed ring of flight
Wands
 p - a wand of random effects (7)
 v - a wand of enslavement (4)
 y - a wand of disintegration (14)
Scrolls
 c - 2 scrolls of blinking
 e - 3 scrolls of teleportation
 g - 3 scrolls of magic mapping {unknown}
 h - 3 scrolls of remove curse {unknown}
 i - 2 scrolls of enchant armour {unknown}
 l - 2 scrolls of immolation {unknown}
 n - 7 scrolls of identify {unknown}
Potions
 d - a potion of brilliance
 f - a potion of flight
 j - a potion of degeneration
 k - a potion of magic {unknown}
 m - a potion of curing
 q - a potion of heal wounds {unknown}
 t - a potion of might {unknown}
 u - a potion of mutation {unknown}
 w - a potion of resistance {unknown}
 x - a potion of lignification {unknown}
 z - a potion of attraction {unknown}


   Skills:
 + Level 6.2(5.4) Fighting
 + Level 7.9(7.1) Axes
 + Level 6.0(5.2) Armour
 + Level 3.8(3.1) Dodging


You had 6 spell levels left.
You didn't know any spells.
Your spell library was empty.

Dungeon Overview and Level Annotations

Branches:
Dungeon (6/15)             Temple (0/1) D:4

Altars:

Annotations:
D:5 Duvessa


Innate Abilities, Weirdness & Mutations

You reflexively headbutt those who attack you in melee.
You have a pair of horns on your head.


Message History

The wight hits you with a cursed +4 war axe!
* * * LOW HITPOINT WARNING * * *
You hit the wight but do no damage.
The wight is heavily damaged.
The wight hits you with a cursed +4 war axe.
* * * LOW HITPOINT WARNING * * *
You feel drained.
You closely miss the wight.
The wight is heavily damaged.
The wight misses you. The wight hits you but does no damage.
You closely miss the wight.
The wight is heavily damaged.
The wight hits you with a cursed +4 war axe.
* * * LOW HITPOINT WARNING * * *
You feel drained.
You barely miss the wight.
The wight is heavily damaged.
You feel a little less clever now.
The wight hits you with a cursed +4 war axe!
You die...

..........
.........
........#
##........
####z........
#....<# #..####
#########..#####
#...@z†..........
#..###############
... .


You could see a wight.

Vanquished Creatures
  Sigmund (D:3)
  An ice beast (D:5)
  2 ogres (D:4)
  A howler monkey (D:5)
  3 orc priests
  A centaur skeleton (D:4)
  2 worker ants (D:5)
  2 iguanas
  An orc wizard (D:4)
  4 gnolls
  14 adders
  An ooze (D:2)
  4 worms
  2 dart slugs
  3 leopard geckos
  22 orcs
  5 ball pythons
  6 giant cockroaches
  5 goblins
  4 hobgoblins
  5 jackals
  A quokka (D:3)
  5 bats
  3 frilled lizards
  5 kobolds
  2 quokka skeletons (D:4)
  7 rats
112 creatures vanquished.

Vanquished Creatures (others)
  2 plants (D:2)
2 creatures vanquished.

Grand Total: 114 creatures vanquished

Notes
Turn   | Place    | Note
-------+----------+-------------------------------------------
     0 | D:1      | mhtbhm the Minotaur Berserker began the quest for the Orb.
     0 | D:1      | Reached XP level 1. HP: 19/19 MP: 0/0
   206 | D:1      | Reached skill level 4 in Axes
   320 | D:1      | Reached XP level 2. HP: 27/27 MP: 1/1
   744 | D:2      | Reached XP level 3. HP: 33/33 MP: 2/2
   829 | D:2      | Found a faded altar of an unknown god.
  1190 | D:2      | Reached XP level 4. HP: 41/41 MP: 3/3
  1196 | D:2      | Reached skill level 5 in Axes
  1284 | D:2      | Reached skill level 5 in Fighting
  1293 | D:2      | Reached ** piety under Trog
  1442 | D:2      | Reached XP level 5. HP: 45/48 MP: 4/4
  2178 | D:3      | Noticed Sigmund
  2187 | D:3      | Killed Sigmund
  2187 | D:3      | Reached skill level 6 in Axes
  2187 | D:3      | Reached XP level 6. HP: 56/56 MP: 5/5
  2805 | D:4      | Reached *** piety under Trog
  2876 | D:4      | Reached skill level 5 in Armour
  2968 | D:4      | Reached XP level 7. HP: 39/62 MP: 6/6
  3429 | D:4      | Found a staircase to the Ecumenical Temple.
  3493 | D:4      | Reached skill level 7 in Axes
  3825 | D:5      | Entered Level 5 of the Dungeon
  3908 | D:5      | Noticed Duvessa
  3936 | D:6      | Slain by a wight

Illustrated notes

Levels and vault maps discovered:
D:1:      roderic_crossed_star, layout_rooms
D:2:      layout_basic, chequers_ecumenical_altar_simple_redux,
          serial_bayou_lagoon_b
D:3:      layout_rooms, st_stairs_11, uniq_sigmund
D:4:      layout_basic, temple_fountains, minmay_snake_closets
D:5:      layout_basic, nemelex_altar_shiori, uniq_pikel, uniq_duvessa
D:6:      layout_rooms

Skill      XL: |  1  2  3  4  5  6  7 |
---------------+----------------------+-----
Axes           | 4 5 6 7 |  7.9
Fighting       | 4 5 6 |  6.2
Armour         | 3 4 5 6 |  6.0
Dodging        | 3 |  3.8

Action                   |  1- 3 |  4- 6 |  7- 9 || total
-------------------------+-------+-------+-------++-------
Melee: Hand axe          |    62 |   114 |   111 ||   287
       Headbutt          |     9 |    13 |    18 ||    40
Invok: Berserk           |       |     3 |     1 ||     4
Evoke: Wand              |       |       |     3 ||     3
  Use: Scroll            |       |     2 |     1 ||     3
       Potion            |       |       |     4 ||     4
Armor: Ring mail         |    14 |    32 |    36 ||    82
Dodge: Dodged            |    47 |    62 |    57 ||   166

Table legend: (Time is in decaauts)
 A = Elapsed time spent in this place.
 B = Non-inter-level travel time spent in this place.
 C = Inter-level travel time spent in this place.
 D = Time resting spent in this place.
 E = Time spent auto-exploring this place.
 F = Levels seen in this place.
 G = Mean time per level.
                   A        B        C        D        E       F      G
               +--------+--------+--------+--------+--------+-----+--------+
         Total |   3976 |   3976 |      0 |    640 |   2624 |   6 |  662.7 |
       Dungeon |   3976 |   3976 |      0 |    640 |   2624 |   6 |  662.7 |
               +--------+--------+--------+--------+--------+-----+--------+

Top non-repeatable levels by time:
     D:2: 1327 daAuts
     D:4: 1128 daAuts
     D:3: 739 daAuts
     D:1: 663 daAuts
     D:5: 83 daAuts
     D:6: 34 daAuts
